Map: 2000 Atmospheres LE

Players

Clem - Winner!

  • Race: Terran Terran

Spirit (souL)

  • Race: Terran Terran

Event: DreamHack SC2 Masters 2021 Winter

VOD

Have the link to the VOD?

Description

Time

  • Played on: Oct. 7, 2021, 12:47 p.m.
  • Length: 7:24

All games in this series

Show
View Real Time Build Order
Export as new Build Order

Clem Terran - Winner!

Build Orders:  

Get SALT Encoding   

  12  0:00  SCV  
  13  0:12  SCV  
  14  0:16  Supply Depot  
  14  0:24  SCV  
  15  0:38  SCV  
  15  0:39  Barracks  
  16  0:43  Refinery  
  16  0:50  SCV  
  16  0:53  Refinery  
  17  1:02  SCV  
  18  1:14  SCV  
  19  1:27  Reaper, Orbital Command  
  19  1:28  Supply Depot  
  20  1:41  Factory  
  20  1:52  SCV  
  21  1:59  Barracks Reactor  
  21  2:04  SCV  
  22  2:15  Command Center  
  22  2:17  SCV  
  23  2:26  Hellion  
  23  2:29  SCV  
  26  2:35  Reaper  
  26  2:36  Reaper  
  28  2:37  Supply Depot  
  28  2:42  SCV  
  29  2:48  Hellion  
  31  2:54  Starport  
  31  2:58  SCV  
  32  3:07  Marine x2  
  32  3:09  Factory Tech Lab  
  32  3:11  SCV  
  35  3:19  Refinery  
  35  3:25  SCV, Marine x2  
  38  3:28  Orbital Command  
  41  3:34  Cyclone  
  41  3:36  Starport Tech Lab  
  41  3:41  SCV  
  41  3:48  Marine x2  
  42  3:53  Supply Depot, SCV  
  42  3:54  SCV  
  43  3:55  Raven  
  45  4:05  SCV  
  45  4:06  SCV  
  45  4:09  Cyclone  
  50  4:17  SCV  
  50  4:18  SCV  
  52  4:27  Command Center  
  52  4:30  SCV x2  
  54  4:38  Raven  
  54  4:41  Supply Depot  
  54  4:42  SCV x2  
  58  4:47  Siege Tank  
  61  4:54  SCV  
  61  4:55  Supply Depot  
  62  5:01  Refinery  
  62  5:02  SCV, Marine x2  
  62  5:06  SCV  
  66  5:07  Supply Depot  
  66  5:11  Supply Depot  
  66  5:14  SCV  
  66  5:18  SCV  
  66  5:19  Siege Tank  
  71  5:27  SCV  
  71  5:30  SCV  
  71  5:32  Viking  
  71  5:33  Viking  
  71  5:35  Marine  
  70  5:39  SCV  
  72  5:43  SCV  
  72  5:48  Supply Depot  
  73  5:51  Supply Depot, SCV  
  73  5:53  Marine  
  73  5:55  Siege Tank  
  78  5:58  SCV  
  78  6:02  Supply Depot  
  78  6:03  Viking x2  
  83  6:09  SCV  
  83  6:10  SCV  
  85  6:11  Marine  
  86  6:25  Barracks x2  
  86  6:26  SCV x2  
  86  6:29  Siege Tank  
  91  6:36  Supply Depot  
  91  6:38  Viking  
  93  6:41  Viking  
  93  6:44  SCV  
  93  6:45  Marine  
  93  6:46  SCV  
  96  6:51  Orbital Command  
  96  6:56  SCV  
  96  6:58  SCV  
  88  7:03  Marine  
  88  7:08  SCV  
  85  7:10  SCV  
  85  7:13  Barracks Reactor x2  
Show
View Real Time Build Order
Export as new Build Order

Spirit Terran 

Build Orders: Banshee Rush 

Get SALT Encoding   

  12  0:00  SCV  
  13  0:12  SCV  
  14  0:17  Supply Depot  
  14  0:24  SCV  
  15  0:39  SCV  
  15  0:40  Barracks  
  16  0:44  Refinery  
  16  0:51  SCV  
  16  0:53  Refinery  
  17  1:03  SCV  
  18  1:15  SCV  
  19  1:28  Reaper, Orbital Command  
  19  1:29  Supply Depot  
  20  1:43  Factory  
  20  1:53  SCV  
  21  2:00  Reaper  
  22  2:05  SCV  
  23  2:17  SCV  
  24  2:24  Command Center  
  25  2:30  SCV  
  25  2:32  Hellion  
  25  2:35  Barracks Reactor  
  27  2:43  Starport  
  27  2:45  SCV  
  28  2:52  Supply Depot  
  28  2:54  Factory Tech Lab  
  28  2:57  SCV  
  29  3:10  SCV  
  29  3:12  Marine  
  31  3:13  Cyclone  
  31  3:15  Marine  
  31  3:19  Starport Tech Lab  
  35  3:23  SCV  
  35  3:26  Refinery  
  36  3:30  Marine  
  36  3:33  Marine  
  38  3:36  Orbital Command  
  37  3:42  SCV  
  37  3:48  Marine  
  35  3:50  Banshee  
  35  3:53  Cloaking Field  
  35  3:55  SCV  
  38  3:57  Marine  
  38  4:02  SCV  
  40  4:07  SCV  
  41  4:11  Siege Tank  
  41  4:14  SCV  
  45  4:18  Marine x2  
  45  4:19  SCV  
  48  4:24  Supply Depot  
  48  4:26  SCV  
  49  4:31  SCV  
  49  4:32  Banshee  
  53  4:40  Starport, SCV  
  54  4:46  SCV, Marine x2  
  54  4:50  Supply Depot  
  54  4:52  SCV  
  58  4:54  Siege Tank  
  58  4:58  SCV  
  62  5:02  Supply Depot  
  62  5:07  Refinery  
  62  5:12  SCV  
  66  5:15  Raven  
  65  5:24  SCV  
  65  5:25  Command Center  
  65  5:26  SCV  
  67  5:30  Viking  
  69  5:36  SCV, Viking  
  69  5:38  SCV  
  73  5:48  SCV  
  73  5:49  Supply Depot  
  74  5:50  SCV, Siege Tank  
  78  6:00  SCV  
  78  6:02  SCV  
  77  6:09  Supply Depot x2  
  77  6:10  Raven  
  76  6:12  SCV, Viking  
  76  6:14  Supply Depot, SCV  
  76  6:16  Barracks Tech Lab  
  80  6:20  Viking  
  80  6:24  SCV  
  83  6:27  SCV  
  84  6:33  Siege Tank  
  84  6:36  SCV  
  84  6:39  Barracks x2  
  88  6:41  SCV  
  89  6:48  SCV, Viking  
  89  6:50  Viking  
  89  6:54  SCV  
  94  7:00  SCV  
  87  7:06  SCV  

Tags
 
Add a new tag
Caveats
  • Supply blocks, unpowered buildings, or Contaminate may cause inaccurate times.
  • Supply counts are checked every 10 seconds.